groovejumper, neutral female human Wizard --- |>.| --.[-- G G |....-- --....-- G --....-- |.....| ----..| p -------..| |........| --- |..-----.|---@n ---- |.|.|seq ..-..--- |.|....... .....).<. G h ---.|-........ ...------ --...----.--.......-| |.........|---......--- G G |..-------- ----....^| G ---- |.....| |....)| ---.--- --- groovejumper the Thaumaturge Experience level: 8 Strength: 6 Dexterity: 14 Constitution: 16 Intelligence: 18 Wisdom: 10 Charisma: 10 Health: 0(68) Energy: 45(88) AC: 6 Gold: 379 Moves: 5235 Your Inventory: Coins $ - 379 gold pieces Amulets C - an uncursed amulet of magical breathing Weapons a - a blessed +4 quarterstaff (weapon in hands) Armor b - an uncursed +0 cloak of magic resistance (being worn) x - a blessed rusty +3 helm of brilliance y - an [uncursed] +0 pair of hard shoes [iron] Comestibles e - an [uncursed] tin [of shrieker] f - an [uncursed] pancake i - 2 [uncursed] food rations X - an [uncursed] lembas wafer Y - an [uncursed] cram ration Scrolls g - a [blessed] scroll of earth j - an uncursed scroll of confuse monster k - a [cursed] scroll of flood m - an [uncursed] scroll of earth o - an [uncursed] scroll called scare monster [of scare monster] s - an uncursed scroll of magic mapping G - an [uncursed] scroll of teleportation H - 2 [uncursed] scrolls of light J - 2 [uncursed] scrolls of remove curse Q - an [uncursed] scroll of magic mapping Z - an uncursed scroll of teleportation Spellbooks W - an [uncursed] spellbook of magic missile Potions z - a cursed potion of confusion U - an [uncursed] clear potion [of water] Rings d - an uncursed ring of invisibility Wands c - an uncursed wand of slow monster (0:7) v - an [uncursed] wand of striking [0:3] A - an uncursed wand of magic missile (0:4) Tools h - an [uncursed +0] pick-axe l - an [uncursed wax] candle w - an [uncursed] key [skeleton key] Spells known in the end: Name Level Category Fail Memory a - force bolt 1 attack 0% [||||||..] b - remove curse 3 clerical 77% [||||||..] c - fireball 4 attack 0% [||||||..] d - clairvoyance 3 divination 77% [|||||||.] e - confuse monster 2 enchantment 0% [|||||||.] f - knock 1 matter 0% [|||||||.] g - magic missile 2 attack 0% [|||||||.] Your skills at the end: Fighting Skills Weapon Skills quarterstaff [Basic / Expert] Spellcasting Skills attack spells [Skilled / Expert] enchantment spells [Basic / Skilled] Final Attributes: You were piously aligned. Hunger level was 247. Your alignment was 36 / 36. Monster difficulty range was 1 - 8. Level difficulty was 8. You resisted poison. You were magic-protected. You were blinded. You were telepathic. Your luck was zero. You are dead. Vanquished creatures: 3 small mimics a large cat 2 giant spiders an orc mummy a housecat 2 dwarf lords 2 gnome mummies an enormous rat a fog cloud a yellow light a shrieker 7 gnome lords 2 gnomish wizards a kobold mummy a golden naga hatchling 2 giant ants 4 floating eyes 10 dwarves a kobold lord a kobold shaman a rothe a giant bat a monkey 3 dwarf zombies 3 iguanas 6 killer bees a gas spore 3 hobbits a manes a hobgoblin 3 giant rats 2 cave spiders a brown mold 51 gnomes a gecko 5 jackals a fox 3 kobolds 2 sewer rats 2 lichens 2 newts 139 creatures vanquished. Voluntary challenges: You used a wielded weapon 106 times. You read items or engraved 23 times. You put on armor 13 times. You never genocided any monsters. You never polymorphed an object. You never changed form. You used no wishes. You wrote Elbereth's name 1 time. You never encountered a bones level. You never used any Sokoban shortcuts. Dungeon overview: The Dungeons of Doom: levels 1 to 3 Level 1 a long staircase Level 2 an armor shop Level 3 a scroll shop, a fountain stairs to The Gnomish Mines The Gnomish Mines: levels 4 to 8 Level 4 stairs to The Dungeons of Doom Level 6 many shops, a temple, a magic chest, some fountains Level 8 <- You were here History has recorded: On T:1 you entered the Dungeons of Doom to retrieve the Amulet of Yendor! On T:402 you reached level 2 of The Dungeons of Doom. On T:445 you advanced to experience level 2. On T:654 you advanced to experience level 3. On T:759 you advanced to experience level 4. On T:1008 you advanced to experience level 5. On T:1043 you reached level 3 of The Dungeons of Doom. On T:1389 you reached level 1 of The Gnomish Mines. On T:1518 you advanced to experience level 6. On T:1853 you advanced to experience level 7. On T:2721 you reached level 2 of The Gnomish Mines. On T:3227 you advanced to experience level 8. On T:4190 you reached level 3 of The Gnomish Mines. On T:4699 you reached level 4 of The Gnomish Mines. On T:4758 you reached level 5 of The Gnomish Mines. Latest messages: You are momentarily blinded by a flash of light! Please move the cursor to an unknown object. Done. The magic missile hits the water nymph! The giant spider bites! The water nymph charms you. You gladly start removing your boots. The water nymph stole an uncursed flint stone named flint or luck. The leocrotta hits! The leocrotta bites! The leocrotta hits! [HP-23=32] The giant spider bites! The water nymph charms you. You gladly start removing your helmet. The water nymph stole a yellowish brown gem. The leocrotta hits! The leocrotta bites! The leocrotta hits! (2x) You die... Final status: Goodbye groovejumper the Wizard... You died in The Gnomish Mines on dungeon level 8 with 6136 points, and 379 pieces of gold, after 5235 moves. You were level 8 with a maximum of 68 hit points when you died.